 Dungeon Crawl Stone Soup version 0.28.0-49-g6dfe1f597d (webtiles) character file.

Game seed: 3063286732191549709

97 Exodus22XD the Covered (level 4, -13/40 HPs)
             Began as a Minotaur Fighter on May 20, 2022.
             Was a Follower of Uskayaw.
             Killed from afar by a steam dragon (22 damage)
             ... with a ball of steam
             ... on level 3 of the Dungeon.
             The game lasted 00:03:20 (1864 turns).

Exodus22XD the Covered (Minotaur Fighter)           Turns: 1864, Time: 00:03:21

Health: -13/40     AC:  7    Str: 22    XL:     4   Next: 42%
Magic:  3/3        EV:  9    Int:  5    God:    Uskayaw [*.....]
Gold:   78         SH:  4    Dex: 10    Spells: 3/3 levels left

rFire   . . .      SeeInvis .   a - +0 war axe
rCold   . . .      Faith    .   c - +0 buckler
rNeg    . . .      Spirit   .   b - +0 scale mail
rPois   .          Reflect  .   (helmet restricted)
rElec   .          Harm     .   (no cloak)
rCorr   .          Rampage  .   (no gloves)
Will    .....                   (no boots)
Stlth   ..........              (no amulet)
HPRegen 0.13/turn               (no ring)
MPRegen 0.08/turn               (no ring)

@: no status effects
A: horns 2, retaliatory headbutt
a: Renounce Religion, Stomp


You were on level 3 of the Dungeon.
You worshipped Uskayaw.
Uskayaw was noncommittal.
You visited 1 branch of the dungeon, and saw 3 of its levels.

You collected 78 gold pieces.

Inventory:

Hand Weapons
 a - a +0 war axe (weapon)
Armour
 b - a +0 scale mail (worn)
 c - a +0 buckler (worn)
Jewellery
 l - a ring of fire
 n - a ring of protection from cold
 o - a ring of resist corrosion
 p - a ring of fire
Scrolls
 e - a scroll of fog {unknown}
 f - a scroll of enchant weapon {unknown}
 h - 2 scrolls of torment {unknown}
 j - 2 scrolls of identify {unknown}
 k - a scroll of teleportation {unknown}
 m - a scroll of magic mapping {unknown}
 s - a scroll of summoning {unknown}
Potions
 d - a potion of might
 g - 2 potions of magic {unknown}
 i - a potion of haste {unknown}
 q - a potion of curing {unknown}
 r - a potion of brilliance {unknown}


   Skills:
 + Level 4.2 Fighting
 + Level 3.7 Axes
 + Level 4.7 Armour
 + Level 4.1 Shields
 * Level 0.2 Invocations


You had 3 spell levels left.
You didn't know any spells.
Your spell library was empty.

Dungeon Overview and Level Annotations

Branches:
Dungeon (3/15)

Altars:
Trog
Uskayaw


Innate Abilities, Weirdness & Mutations

You have a pair of horns on your head.
You reflexively headbutt those who attack you in melee.


Message History

A killer bee zombie is nearby!
You closely miss the killer bee zombie.
Your headbutt misses the killer bee zombie.
The killer bee zombie is heavily damaged.
The killer bee zombie barely misses you.
The killer bee zombie hits you.
The killer bee zombie hits you but does no damage.
A killer bee zombie is nearby!
You hit the killer bee zombie.
The killer bee zombie is severely damaged.
The killer bee zombie barely misses you.
You furiously retaliate!
You headbutt the killer bee zombie!
You destroy the killer bee zombie!
You can now pass through a line of other dancers.
Found a barding.
No target in view!
No target in view!
You see here a +0 barding.
Found a stone staircase leading down.
No target in view!
No target in view!
A steam dragon comes into view.
The steam dragon hisses angrily.
The steam dragon breathes steam at you. The ball of steam hits you.
No target in view!
You're standing in a cloud of steam!
No target in view!
No target in view!
You are engulfed in a cloud of scalding steam.
The steam dragon breathes steam at you. The ball of steam hits you!
You see here a +0 barding.
The steam dragon breathes steam at you. The ball of steam hits you!
* * * LOW HITPOINT WARNING * * *
The steam dragon breathes steam at you. The ball of steam hits you!!
Ouch! That really hurt!
You die...

###....# ##.# #..##.............
.......# #.###..#######.........
....#[#####..##.#### #...##.###..
....#....§D............####..#...
##..##.#####.###.###### #...#...
##.##.#####.....# #.#...).
###.##.##.....§.## #.##.#..
#.†.......#####§## .. #.##.
.)##..##### #.@# #.### #......#
##.# #.## ..####.# #.# #..## ...#
#.# #.# ##..# ...# #.##
#####.#####. ##.#
##.###..####............ #..
##...........###...##... ##.
#######.###### ###.# ####### #. .
#.# .# #_....## #.


There were no monsters in sight!

Vanquished Creatures
  A killer bee zombie (D:3)
  A gnoll (D:1)
  2 adders (D:2)
  A worm (D:3)
  A dart slug (D:2)
  4 endoplasms
  2 giant cockroaches (D:3)
  11 goblins
  A hobgoblin (D:3)
  A quokka (D:1)
  4 ball pythons
  2 bats (D:1)
  3 frilled lizards
  7 kobolds (D:1)
  6 rats
47 creatures vanquished.

Notes
Turn   | Place    | Note
-------+----------+-------------------------------------------
     0 | D:1      | Exodus22XD the Minotaur Fighter began the quest for the
                  | Orb.
     0 | D:1      | Reached XP level 1. HP: 19/19 MP: 0/0
   138 | D:1      | Reached XP level 2. HP: 27/27 MP: 1/1
   471 | D:1      | Reached XP level 3. HP: 30/33 MP: 2/2
  1319 | D:2      | Found a bloodstained altar of Trog.
  1511 | D:3      | Found a faded altar of an unknown god.
  1520 | D:3      | Prayed at the altar of an unknown god.
  1520 | D:3      | Became a worshipper of Uskayaw the Reveller
  1520 | D:3      | Reached * piety under Uskayaw
  1620 | D:3      | Reached XP level 4. HP: 40/40 MP: 3/3
  1669 | D:3      | Reached ** piety under Uskayaw
  1818 | D:3      | Noticed a steam dragon
  1864 | D:3      | Killed from afar by a steam dragon

Illustrated notes

Levels and vault maps discovered:
D:1:      onia_arrival_pyramid, layout_loops_cross, minivault_19,
          minmay_hedge_maze, minmay_misc_feat_diagonals
D:2:      layout_basic, basic_altar, fountainhead
D:3:      layout_rooms, shapermc_ecumenical_altar_pompeii,
          minmay_misc_feat_four_crosses, chequers_mini_garden

Skill      XL: |  1  2  3 |
---------------+----------+-----
Armour         | 4 |  4.7
Shields        | 4 |  4.1
Fighting       | 4 |  4.2
Axes           | 3 |  3.7
Invocations    | |  0.2

Action                   |  1- 3 |  4- 6 || total
-------------------------+-------+-------++-------
Melee: War axe           |    79 |    17 ||    96
       Headbutt          |     4 |     5 ||     9
Armor: Scale mail        |    37 |     9 ||    46
Dodge: Dodged            |    31 |     5 ||    36
Block: Buckler           |    11 |     6 ||    17
